 Dungeon Crawl Stone Soup version 0.28.0-1-gb440e238dd (webtiles) character file.

Game seed: 12374474743699366469

192 Kniotic the Magician (level 5, -2/38 HPs)
             Began as a Demigod Conjurer on Feb 21, 2022.
             Shot with an arrow by a centaur (13 damage)
             ... on level 4 of the Dungeon.
             The game lasted 00:09:19 (4515 turns).

Kniotic the Magician (Demigod Conjurer)             Turns: 4515, Time: 00:09:20

Health: -2/38      AC:  2    Str:  8    XL:     5   Next: 19%
Magic:  14/15      EV: 12    Int: 24    God:
Gold:   120        SH:  0    Dex: 12    Spells: 8/13 levels left

rFire   . . .      SeeInvis .   c - +0 halberd (freeze)
rCold   . . .      Faith    .   (shield currently unavailable)
rNeg    . . .      Spirit   .   a - +0 robe
rPois   .          Reflect  .   (no helmet)
rElec   .          Harm     .   (no cloak)
rCorr   .          Rampage  .   (no gloves)
Will    .....                   (no boots)
Stlth   ++........              e - amulet of magic regeneration
HPRegen 0.12/turn               (no ring)
MPRegen 0.54/turn               (no ring)

@: no status effects
A: high MP 1, forlorn, divine attributes
a: no special abilities


You were on level 4 of the Dungeon.
You visited 1 branch of the dungeon, and saw 4 of its levels.

You collected 120 gold pieces.

Inventory:

Hand Weapons
 c - a +0 halberd of freezing (weapon)
Armour
 a - a +0 robe (worn)
Jewellery
 e - an amulet of magic regeneration (around neck)
Scrolls
 d - a scroll of enchant armour {unknown}
 f - a scroll of blinking {unknown}
 g - a scroll of amnesia {unknown}
 j - a scroll of enchant weapon {unknown}
 k - a scroll of summoning {unknown}
 m - a scroll of magic mapping {unknown}
Potions
 i - a potion of ambrosia
 l - a potion of curing


   Skills:
 - Level 1.7 Dodging
 - Level 1.7 Stealth
 * Level 4.6 Spellcasting
 + Level 4.0 Conjurations


You had 8 spell levels left.
You knew the following spells:

 Your Spells              Type           Power      Damage    Failure   Level
a - Magic Dart            Conj           96%        1d7       1%          1
b - Iskenderun's Mystic   Conj/Tloc      15%        2d5       38%         4

Your spell library contained the following spells:

 Spells                   Type           Power      Damage    Failure   Level
 Searing Ray              Conj           48%        2d6       2%          2
 Dazzling Flash           Conj/Hex       30%        N/A       12%         3
 Gell's Gravitas          Tloc           5%         N/A       28%         3
 Lesser Beckoning         Tloc           5%         N/A       28%         3
 Teleport Other           Tloc           5%         N/A       28%         3
 Tukima's Dance           Hex            5%         N/A       28%         3
 Fulminant Prism          Conj/Hex       7%         3d7       38%         4
 Passage of Golubria      Tloc           5%         N/A       67%         4
 Yara's Violent Unravell  Hex/Tmut       2%         3d3       95%         5


Dungeon Overview and Level Annotations

Branches:
Dungeon (4/15)             Temple (0/1) D:4

Annotations:
D:4 1 runed translucent door, hjjsjsjsj's ghost, amateur MiBe


Innate Abilities, Weirdness & Mutations

You have an increased reservoir of magic. (+10% MP)
You shall have no god before yourself.
Your divine heritage dramatically boosts your attributes as you level up.


Message History

Aiming: Magic Dart (safe; 1% risk of failure)
Press: ? - help, Shift-Dir - straight line, f/p - gnoll
Aim: a gnoll, wielding a +0 flail (severely wounded, 100% to hit)
The magic dart hits the gnoll.
The gnoll is almost dead.
Casting: Magic Dart (safe; 1% risk of failure)
Confirm with . or Enter, or press ? or * to list all spells.
Aiming: Magic Dart (safe; 1% risk of failure)
Press: ? - help, Shift-Dir - straight line, f/p - gnoll
Aim: a gnoll, wielding a +0 flail (almost dead, 100% to hit)
The magic dart hits the gnoll.
You kill the gnoll!
Your Conjurations skill increases to level 4!
You see here a +0 flail.
A centaur is nearby!
A centaur is nearby!
Casting: Magic Dart (safe; 1% risk of failure)
Confirm with . or Enter, or press ? or * to list all spells.
Aiming: Magic Dart (safe; 1% risk of failure)
Press: ? - help, Shift-Dir - straight line, f - centaur
Aim: a centaur, quivering arrows (wandering, hasn't noticed you, 100% to hit)
The magic dart hits the centaur.
The centaur is lightly wounded.
The centaur shouts!
The centaur wields a +0 shortbow.
The centaur shoots an arrow.
The arrow hits you.
The centaur shoots an arrow.
The arrow hits you.
Casting: Magic Dart (safe; 1% risk of failure)
Confirm with . or Enter, or press ? or * to list all spells.
Aiming: Magic Dart (safe; 1% risk of failure)
Press: ? - help, Shift-Dir - straight line, f/p - centaur
Aim: a centaur, wielding a +0 shortbow and quivering arrows (lightly wounded, 100% to hit)
The magic dart hits the centaur.
The centaur is lightly wounded.
The centaur shoots an arrow.
The arrow hits you!
As you read the scroll labelled QEASMI CEPS, it crumbles to dust.
Your body is wracked with pain!
* * * LOW HITPOINT WARNING * * *
The centaur convulses!
It was a scroll of torment.
The centaur shoots an arrow.
The arrow hits you!
You die...

........>..# #..
##......c....# #..
#............# #..
#............# #..
#............# #..
#............## #..
#.............###..
##..............##..
#..@........)##...##
#...##.....<.####)..#
#...# ####...## ##...
.....# ##### ##..
....# #####. ....
#..... .## #....†
#..... #.....


You could see a centaur.

Vanquished Creatures
  5 gnolls (D:4)
  8 adders
  An ufetubus (D:3)
  An adder skeleton (D:4)
  2 worms (D:3)
  2 dart slugs
  2 orcs (D:3)
  A ball python (D:1)
  8 endoplasms
  2 giant cockroaches
  5 goblins
  A hobgoblin (D:2)
  4 jackals
  4 quokkas
  2 bats
  A frilled lizard (D:2)
  3 kobolds
  3 rats
55 creatures vanquished.

Notes
Turn   | Place    | Note
-------+----------+-------------------------------------------
     0 | D:1      | Kniotic the Demigod Conjurer began the quest for the Orb.
     0 | D:1      | Reached XP level 1. HP: 14/14 MP: 5/5
   669 | D:1      | Reached XP level 2. HP: 20/20 MP: 4/8
  2599 | D:3      | Reached XP level 3. HP: 26/26 MP: 3/10
  3095 | D:3      | Reached XP level 4. HP: 33/33 MP: 8/12
  3489 | D:3      | Learned a level 4 spell: Iskenderun's Mystic Blast
  3672 | D:4      | Found a runed translucent door.
  3674 | D:4      | Noticed hjjsjsjsj's ghost (amateur MiBe)
  3837 | D:4      | Found a staircase to the Ecumenical Temple.
  3892 | D:4      | Noticed a centaur
  4417 | D:4      | Reached XP level 5. HP: 38/38 MP: 11/14
  4515 | D:4      | Shot with an arrow by a centaur

Illustrated notes

Levels and vault maps discovered:
D:1:      onia_arrival_pentagram, layout_basic, dreamdust_ecumenical_altar_grove
D:2:      layout_basic
D:3:      layout_basic, amcnicky_altar_gilded
D:4:      layout_cave_pods, minmay_temple_entry_statues_pillars,
          ebering_ghost_inner_flame, grunt_ministairs_3

Skill      XL: |  1  2  3  4  5 |
---------------+----------------+-----
Spellcasting   | 2 3 4 |  4.6
Conjurations   | 4 |  4.0
Dodging        | |  1.7
Stealth        | |  1.7

Action                   |  1- 3 |  4- 6 || total
-------------------------+-------+-------++-------
 Cast: Magic Dart        |    90 |    84 ||   174
  Use: Scroll            |       |     5 ||     5
Armor: Robe              |     2 |     1 ||     3
Dodge: Dodged            |    12 |    11 ||    23
